[Event "ICC tourney 2552 (3 2)"]
[Site "Internet Chess Club"]
[Date "2021.05.07"]
[Round "4"]
[White "BHATT, DEV:K05-16675618"]
[Black "RAMANUJA, MADHAV:K03-30040317"]
[Result "0-1"]
[ICCResult "White checkmated"]
[WhiteElo "1520"]
[BlackElo "1400"]
[Opening "Réti opening"]
[ECO "A04"]
[NIC "QP.11"]
[Time "19:16:36"]
[PlyCount "140"]
[TimeControl "180+2"]

1. Nf3 Nc6 2. Nc3 d5 3. d4 Nf6 4. Bg5 e6 5. e3 Be7 6. Bb5 Bd7 7. Ne5 Nxe5
8. Bxd7+ Nexd7 9. Qd3 h6 10. Bh4 c5 11. dxc5 Nxc5 12. Qd4 Ncd7 13. O-O-O
O-O 14. Qa4 a6 15. e4 b5 16. Qd4 Qb6 17. Qxb6 Nxb6 18. e5 Ng4 19. Bxe7 Nxf2
20. Bxf8 Nxh1 21. Rxh1 Rxf8 22. Rf1 Nc4 23. h4 Nxe5 24. Rg1 Nc4 25. g4 f5
26. gxf5 Rxf5 27. b3 Ne3 28. Kb2 Rf1 29. Rxf1 Nxf1 30. Ka3 Nd2 31. Kb4 Ne4
32. Ka5 Nxc3 33. Kxa6 Nxa2 34. Kb6 e5 35. Kxb5 e4 36. Kc5 e3 37. Kxd5 e2
38. c4 e1=Q 39. c5 Qb1 40. c6 Qxb3+ 41. Kd6 Qg3+ 42. Kd7 Qxh4 43. c7 Qd4+
44. Kc6 Qc4+ 45. Kb7 Qxc7+ 46. Kxc7 g5 47. Kd6 g4 48. Ke5 h5 49. Kf4 Kg7
50. Kg3 Kg6 51. Kh4 Kf5 52. Kg3 Kg5 53. Kh2 Kf4 54. Kg2 h4 55. Kh2 Kf3 56.
Kg1 Kg3 57. Kf1 Kh2 58. Kf2 g3+ 59. Kf1 g2+ 60. Kf2 g1=Q+ 61. Kf3 h3 62.
Kf4 Kg2 63. Kg4 h2 64. Kf4 h1=Q 65. Ke4 Qh4+ 66. Kf5 Qc5+ 67. Kg6 Qd8 68.
Kg7 Qdd6 69. Kf7 Qcc7+ 70. Ke8 Qdd8# { White checkmated } 0-1

[Event "ICC tourney 2552 (3 2)"]
[Site "Internet Chess Club"]
[Date "2021.05.07"]
[Round "4"]
[White "CHEN, SHUANG:K03-30071645"]
[Black "KRISHNA JAYAKRISHNAN, CHETHAN:K05-16682197"]
[Result "0-1"]
[ICCResult "White forfeits on time"]
[WhiteElo "1400"]
[BlackElo "1248"]
[Opening "Four knights: Italian variation"]
[ECO "C55"]
[NIC "IG.01"]
[Time "19:16:57"]
[PlyCount "64"]
[TimeControl "180+2"]

1. e4 e5 2. Nf3 Nc6 3. Bc4 Nf6 4. Nc3 Bb4 5. d3 O-O 6. O-O d6 7. Bg5 Bg4 8.
Nd5 Qd7 9. Bxf6 gxf6 10. Nxf6+ Kh8 11. Nxd7 Rg8 12. Nf6 Rg6 13. Nxg4 Rxg4
14. h3 Rgg8 15. Bxf7 Rg7 16. Bd5 Ne7 17. Bxb7 Rag8 18. g3 Ng6 19. Bd5 Re8
20. Qe2 Nf4 21. Qe3 Nxh3+ 22. Kh1 Ng5 23. Nxg5 Rg6 24. Nf7+ Kg8 25. Nxe5+
Kg7 26. Nxg6 Kxg6 27. c3 Ba5 28. f4 Bb6 29. f5+ Kf6 30. Qh6+ Ke7 31. Qxh7+
Kd8 32. Bc6 Kc8 { White forfeits on time } 0-1

[Event "ICC tourney 2552 (3 2)"]
[Site "Internet Chess Club"]
[Date "2021.05.07"]
[Round "4"]
[White "VONWILLER, CALLUM:K03-16667060"]
[Black "KAGGUNDI RAVISHA, MANASWINI:K05-30132763"]
[Result "1-0"]
[ICCResult "Black forfeits on time"]
[WhiteElo "1400"]
[BlackElo "1400"]
[Opening "Scotch game"]
[ECO "C45"]
[NIC "SO.04"]
[Time "19:16:37"]
[PlyCount "73"]
[TimeControl "180+2"]

1. e4 e5 2. Nf3 Nc6 3. d4 exd4 4. Nxd4 Nxd4 5. Qxd4 Nf6 6. e5 Nh5 7. g4 c5
8. Qd1 Qe7 9. gxh5 Qxe5+ 10. Qe2 Qxe2+ 11. Bxe2 Bd6 12. Be3 O-O 13. Nd2 Be5
14. O-O-O d6 15. Nc4 Bf6 16. Nxd6 Be6 17. Nxb7 Rab8 18. Bf3 h6 19. Rhg1 g6
20. hxg6 fxg6 21. Rxg6+ Kh7 22. Rxh6+ Kg7 23. Rg1+ Kf7 24. Rh7+ Ke8 25.
Nd6+ Kd8 26. Nb7+ Kc8 27. Bf4 Ra8 28. Rc7+ Kb8 29. Nd6 Kxc7 30. Nb5+ Kd7
31. Bxa8 Rxa8 32. Rd1+ Ke7 33. Bd6+ Kf7 34. Bxc5 Rb8 35. Nd6+ Kg7 36. Rg1+
Kf8 37. Ne4+ { Black forfeits on time } 1-0

[Event "ICC tourney 2552 (3 2)"]
[Site "Internet Chess Club"]
[Date "2021.05.07"]
[Round "4"]
[White "QIAO, MASON:K05-17196377"]
[Black "DOPPALAPUDI, ADITH:K05-16534365"]
[Result "0-1"]
[ICCResult "White checkmated"]
[WhiteElo "1155"]
[BlackElo "1457"]
[Opening "Evans gambit"]
[ECO "C52"]
[NIC "IG.05"]
[Time "19:15:57"]
[PlyCount "134"]
[TimeControl "180+2"]

1. e4 e5 2. Nf3 Nc6 3. Bc4 Bc5 4. b4 Bxb4 5. c3 Ba5 6. Qb3 Qe7 7. d4 exd4
8. Bg5 Qxe4+ 9. Kd1 dxc3 10. Re1 c2+ 11. Qxc2 Qxe1+ 12. Nxe1 Ne5 13. Qe4 d6
14. f4 f6 15. fxe5 fxg5 16. exd6+ Kd7 17. Qe7+ Kc6 18. Nd3 cxd6 19. Na3
Nxe7 20. Rc1 Kd7 21. Bb5+ Ke6 22. Nc4 Bb6 23. Nxb6 axb6 24. Bc4+ d5 25. Bb5
Bd7 26. Bxd7+ Kxd7 27. Rc2 Rhf8 28. Ke2 Nf5 29. Rb2 Nd4+ 30. Kd1 Rf1+ 31.
Kd2 Rf6 32. Rb4 Nc6 33. Rxb6 Rxa2+ 34. Ke1 Nd4 35. Rxb7+ Kc6 36. Rxg7 Rxg2
37. Rxh7 Nf3+ 38. Kf1 Nh4+ 39. Ke1 Rg1+ 40. Ke2 Rg2+ 41. Ke1 Rxh2 42. Ne5+
Kd6 43. Ng4 Rh1+ 44. Ke2 Rf4 45. Rh6+ Kc5 46. Ne3 Re4 47. Kd3 Rxe3+ 48.
Kxe3 Nf5+ 49. Kf3 Nxh6 50. Kg2 d4 51. Kxh1 d3 52. Kg1 d2 53. Kh1 d1=Q+ 54.
Kg2 Qe2+ 55. Kg3 Qe3+ 56. Kg2 g4 57. Kf1 g3 58. Kg2 Qf2+ 59. Kh3 g2 60. Kh2
g1=B+ 61. Kh3 Qf3+ 62. Kh4 Bf2+ 63. Kg5 Qg4+ 64. Kxh6 Be3+ 65. Kh7 Qg5 66.
Kh8 Bd4+ 67. Kh7 Qg7# { White checkmated } 0-1

[Event "ICC tourney 2552 (3 2)"]
[Site "Internet Chess Club"]
[Date "2021.05.07"]
[Round "4"]
[White "WU, ALEXANDER:K01-30107546"]
[Black "KAUR, JIND:K05-15724996"]
[Result "0-1"]
[ICCResult "White checkmated"]
[WhiteElo "1400"]
[BlackElo "1400"]
[Opening "Sicilian defense"]
[ECO "B20"]
[NIC "SI.48"]
[Time "19:16:57"]
[PlyCount "112"]
[TimeControl "180+2"]

1. e4 c5 2. Bc4 g6 3. f3 Nf6 4. Nc3 Bg7 5. Nge2 Nc6 6. O-O O-O 7. d4 cxd4
8. Nxd4 Qb6 9. f4 Qxd4+ 10. Qxd4 Nxd4 11. e5 Ne8 12. Rd1 Nf5 13. g4 Nh4 14.
Bd2 Nf3+ 15. Kh1 Nxd2 16. Rxd2 Nc7 17. b3 d6 18. exd6 Bxc3 19. dxe7 Bxd2
20. exf8=Q+ Kxf8 21. Rd1 Bxf4 22. Rd8+ Ke7 23. Rd4 Bd6 24. Re4+ Be6 25.
Bxe6 fxe6 26. c3 Nd5 27. c4 Nc3 28. Re3 Nd1 29. Re1 Nf2+ 30. Kg2 Nxg4 31.
Re4 Nxh2 32. Rh4 Rf8 33. b4 Rf5 34. Rxh7+ Kf6 35. c5 Be5 36. Rh3 Rg5+ 37.
Kh1 Rf5 38. Re3 Ng4 39. Re2 Rh5+ 40. Kg2 Rh2+ 41. Kf1 Rxe2 42. Kxe2 Bc3 43.
b5 Bb4 44. c6 bxc6 45. bxc6 Bd6 46. Kd3 Ne5+ 47. Kd4 Nxc6+ 48. Kc4 Na5+ 49.
Kb5 Bc7 50. Ka6 g5 51. Kb5 g4 52. Ka6 g3 53. Kb5 g2 54. Ka6 g1=Q 55. Kb5
Qb1+ 56. Ka6 Qb6# { White checkmated } 0-1

[Event "ICC tourney 2552 (3 2)"]
[Site "Internet Chess Club"]
[Date "2021.05.07"]
[Round "4"]
[White "JAIN, DARSH:K05-30103038"]
[Black "ZHUOCHENG YOU, BRANDON:K03-17094702"]
[Result "0-1"]
[ICCResult "White checkmated"]
[WhiteElo "1400"]
[BlackElo "1400"]
[Opening "Sicilian: Alapin's variation (2.c3)"]
[ECO "B22"]
[NIC "SI.46"]
[Time "19:16:37"]
[PlyCount "90"]
[TimeControl "180+2"]

1. e4 c5 2. c3 Nc6 3. d4 cxd4 4. c4 g6 5. Nf3 Bg7 6. Bf4 d6 7. Be2 e6 8.
Nbd2 e5 9. Bg3 Nf6 10. O-O O-O 11. Nb3 Nxe4 12. Bh4 Nf6 13. Qd2 Be6 14. Bg5
Qd7 15. Bh6 Ng4 16. Bxg7 Kxg7 17. h3 Nf6 18. Ng5 Bf5 19. Bd3 e4 20. Bc2 d3
21. Bd1 Ne5 22. c5 dxc5 23. Nxc5 Qc6 24. Qc3 Ned7 25. b4 b6 26. Na4 Qxc3
27. Nxc3 Rac8 28. Nb5 Rc4 29. Rb1 a6 30. Nd6 Rd4 31. Nxf5+ gxf5 32. Bb3 Ne5
33. Bd1 Rfd8 34. Re1 h6 35. Nxe4 fxe4 36. f3 d2 37. Re2 Rc8 38. Rb2 Nc4 39.
Rc2 e3 40. Rcxd2 exd2 41. Rxd2 Rxd2 42. Bb3 Ne3 43. Ba4 Rxg2+ 44. Kh1 Rc1+
45. Bd1 Rxd1# { White checkmated } 0-1

[Event "ICC tourney 2552 (3 2)"]
[Site "Internet Chess Club"]
[Date "2021.05.07"]
[Round "4"]
[White "HOJA, SABRINA:K05-16995856"]
[Black "JEHIN, RISHIN:K01-30043660"]
[Result "1-0"]
[ICCResult "Black forfeits on time"]
[WhiteElo "1400"]
[BlackElo "1400"]
[Opening "Nimzo-Indian: Leningrad variation"]
[ECO "E30"]
[NIC "NI.25"]
[Time "19:15:37"]
[PlyCount "101"]
[TimeControl "180+2"]

1. d4 Nf6 2. c4 e6 3. Nc3 Bb4 4. Bg5 h6 5. Bh4 d5 6. cxd5 exd5 7. Nf3 b6 8.
e3 Bb7 9. Bd3 O-O 10. a3 Bxc3+ 11. bxc3 Nc6 12. c4 dxc4 13. Bxc4 Na5 14.
Ba2 Re8 15. Bb1 c5 16. O-O Bxf3 17. Qxf3 cxd4 18. Bxf6 Qxf6 19. Qxf6 gxf6
20. exd4 Nb3 21. Ra2 Nxd4 22. Bd3 Rad8 23. Rd1 Nb3 24. Rb2 Rxd3 25. Rf1 Nd2
26. Rd1 Nf3+ 27. gxf3 Rxd1+ 28. Kg2 Rde1 29. Rb4 R1e2 30. Rg4+ Kh7 31. Rf4
Rg8+ 32. Kf1 Re6 33. Ra4 a5 34. Rc4 Rd8 35. Kg2 f5 36. Rf4 Rf6 37. Rc4 f4
38. Re4 Rd3 39. h4 Rxa3 40. h5 b5 41. Re5 b4 42. Rb5 b3 43. Kf1 Ra1+ 44.
Ke2 a4 45. Kd3 Ra2 46. Kc3 b2 47. Kc2 a3 48. Kb1 Ra1+ 49. Kc2 a2 50. Rxb2
Rc6+ 51. Kd2 { Black forfeits on time } 1-0

[Event "ICC tourney 2552 (3 2)"]
[Site "Internet Chess Club"]
[Date "2021.05.07"]
[Round "4"]
[White "STAMOS, BEAU:K03-16797340"]
[Black "MEHTA, JAI:K03-30145358"]
[Result "0-1"]
[ICCResult "White checkmated"]
[WhiteElo "1454"]
[BlackElo "1400"]
[Opening "Center game"]
[ECO "C22"]
[NIC "KP.04"]
[Time "19:19:44"]
[PlyCount "70"]
[TimeControl "180+2"]

1. e4 e5 2. d4 exd4 3. Qxd4 Nc6 4. Qd2 Nf6 5. Bd3 Qe7 6. Nc3 d5 7. f3 dxe4
8. fxe4 Qe6 9. Nf3 Bb4 10. Qe3 Bxc3+ 11. bxc3 Ne5 12. Nxe5 Qxe5 13. Bb2 O-O
14. Qd4 Qxd4 15. cxd4 Re8 16. O-O Nxe4 17. Rae1 f5 18. d5 Bd7 19. g3 Nc5
20. Bxf5 Rxe1 21. Rxe1 Bxf5 22. Bd4 Nd7 23. Re7 Nf6 24. Re5 Bxc2 25. Rg5
Bg6 26. Kg2 Re8 27. Re5 Rxe5 28. Bxe5 Be4+ 29. Kh3 Bxd5 30. g4 Bxa2 31. Kh4
Be6 32. g5 Nd5 33. Kh5 g6+ 34. Kh6 Ne7 35. Bf6 Nf5# { White checkmated }
0-1

[Event "ICC tourney 2552 (3 2)"]
[Site "Internet Chess Club"]
[Date "2021.05.07"]
[Round "4"]
[White "ZONG, MAX:K01-17192950"]
[Black "GANDHI, MANASVI:K03-30110152"]
[Result "0-1"]
[ICCResult "White forfeits on time"]
[WhiteElo "1400"]
[BlackElo "1400"]
[Opening "Sicilian"]
[ECO "B50"]
[NIC "SI.01"]
[Time "19:20:58"]
[PlyCount "34"]
[TimeControl "180+2"]

1. e4 c5 2. Nf3 d6 3. Nc3 Nf6 4. Bc4 g6 5. O-O Bg7 6. e5 dxe5 7. Nxe5 O-O
8. Nd5 Nxd5 9. Bxd5 Bf5 10. Qf3 Na6 11. Bxb7 Rb8 12. Bxa6 Bxe5 13. Qc6 Qa5
14. b4 cxb4 15. d4 Bxd4 16. Bh6 Bxa1 17. Rxa1 Rfd8 { White forfeits on time
} 0-1

[Event "ICC tourney 2552 (3 2)"]
[Site "Internet Chess Club"]
[Date "2021.05.07"]
[Round "4"]
[White "CHA, SAMUEL:K03-30048965"]
[Black "UDAY KAVALE, SOURISH:K06-16328330"]
[Result "0-1"]
[ICCResult "White checkmated"]
[WhiteElo "1400"]
[BlackElo "1400"]
[Opening "Ruy Lopez: 5.O-O"]
[ECO "C78"]
[NIC "RL.12"]
[Time "19:16:17"]
[PlyCount "126"]
[TimeControl "180+2"]

1. e4 e5 2. Nf3 Nc6 3. Bb5 a6 4. Ba4 Nf6 5. O-O b5 6. Bb3 Bc5 7. h3 d6 8.
d3 h6 9. Nc3 O-O 10. Be3 Ba7 11. Qd2 Be6 12. Nd5 a5 13. a3 a4 14. Ba2 Bxd5
15. exd5 Ne7 16. c4 bxc4 17. Bxc4 Nfxd5 18. Bxh6 gxh6 19. Qxh6 Nf5 20. Qh5
Ng7 21. Qg4 Nf6 22. Qg3 Nh5 23. Qg4 Nf6 24. Qg3 Nh5 25. Qg4 Qf6 26. Nh4 Qf4
27. Qxf4 Nxf4 28. Kh2 d5 29. Ba2 c6 30. Rad1 Ng6 31. Nf3 Rfe8 32. h4 Nf4
33. g3 Ng6 34. h5 Nxh5 35. Kg2 Kg7 36. Rh1 Nf6 37. Rh2 Rh8 38. Rdh1 Rxh2+
39. Rxh2 Rh8 40. Nh4 Nxh4+ 41. gxh4 Rh6 42. Rh3 Rg6+ 43. Kf3 e4+ 44. dxe4
dxe4+ 45. Ke2 Nd5 46. h5 Nf4+ 47. Ke1 Nxh3 48. hxg6 Bxf2+ 49. Kf1 Kxg6 50.
Kg2 e3 51. Bb1+ f5 52. Bd3 Nf4+ 53. Kf3 Nxd3 54. Ke2 Nc1+ 55. Kd1 e2+ 56.
Kxc1 e1=Q+ 57. Kc2 Be3 58. Kd3 Qd2+ 59. Kc4 Qd5+ 60. Kc3 Qd4+ 61. Kc2 Qd2+
62. Kb1 Bd4 63. b4 Qb2# { White checkmated } 0-1

[Event "ICC tourney 2552 (3 2)"]
[Site "Internet Chess Club"]
[Date "2021.05.07"]
[Round "4"]
[White "ZHOU, MASON:K06-16827638"]
[Black "RAMOS, ENEKO:K03-17254277"]
[Result "1-0"]
[ICCResult "Black checkmated"]
[WhiteElo "1400"]
[BlackElo "1400"]
[Opening "Scotch game"]
[ECO "C45"]
[NIC "SO.04"]
[Time "19:15:46"]
[PlyCount "39"]
[TimeControl "180+2"]

1. e4 e5 2. Nf3 Nc6 3. d4 exd4 4. Nxd4 Nxd4 5. Qxd4 Qf6 6. Qxf6 Nxf6 7. e5
Nd5 8. Bc4 Nb6 9. Bb3 Bc5 10. O-O O-O 11. Nc3 Re8 12. Bf4 Re6 13. Rfe1
Bxf2+ 14. Kxf2 f6 15. Bxe6+ Kf8 16. Bb3 fxe5 17. Bxe5 Nd5 18. Nxd5 d6 19.
Nxc7 Rb8 20. Bxd6# { Black checkmated } 1-0

[Event "ICC tourney 2552 (3 2)"]
[Site "Internet Chess Club"]
[Date "2021.05.07"]
[Round "4"]
[White "DEEPAK GOWDA, DHRUV:K01-30155284"]
[Black "JHA, SHIVEN:K05-30166269"]
[Result "1-0"]
[ICCResult "Black forfeits on time"]
[WhiteElo "1400"]
[BlackElo "1085"]
[Opening "Vienna game"]
[ECO "C26"]
[NIC "VG.02"]
[Time "19:15:29"]
[PlyCount "83"]
[TimeControl "180+2"]

1. e4 e5 2. Bc4 Nf6 3. Nc3 d6 4. Nf3 Nc6 5. Ng5 Be6 6. Bxe6 fxe6 7. Nxe6
Qe7 8. Ng5 h6 9. Nf3 Nd4 10. Nxd4 exd4 11. Nb5 Qxe4+ 12. Kf1 Qc6 13. Nxd4
Qc4+ 14. Ne2 O-O-O 15. d3 Qe6 16. Nd4 Qd5 17. Ne2 Qf7 18. Be3 Ng4 19. Bxa7
b6 20. Qe1 Kb7 21. f3 Ne3+ 22. Kf2 Nxc2 23. Qc3 Nxa1 24. Rxa1 Kxa7 25. Qa3+
Kb7 26. Rc1 Ra8 27. Qc3 Rc8 28. Qc6+ Kb8 29. Qa4 Re8 30. Rc3 Qe6 31. Nd4
Qe5 32. Nc6+ Kc8 33. Nxe5 Rxe5 34. Qc6 Re7 35. Qxb6 g5 36. a4 Bg7 37. Rc4
Rhe8 38. Qa6+ Kd7 39. Qc6+ Kc8 40. Rb4 Re2+ 41. Kg3 Be5+ 42. Kh3 { Black
forfeits on time } 1-0

[Event "ICC tourney 2552 (3 2)"]
[Site "Internet Chess Club"]
[Date "2021.05.07"]
[Round "4"]
[White "VELLORE, INAY:K05-15913368"]
[Black "GENG, KENNETH:K05-17304601"]
[Result "1-0"]
[ICCResult "Black checkmated"]
[WhiteElo "1400"]
[BlackElo "1400"]
[Opening "Sicilian: dragon, Yugoslav attack, 7...O-O"]
[ECO "B76"]
[NIC "SI.17"]
[Time "19:15:57"]
[PlyCount "161"]
[TimeControl "180+2"]

1. e4 c5 2. Nf3 d6 3. d4 cxd4 4. Nxd4 Nf6 5. Nc3 g6 6. f3 Bg7 7. Be3 O-O 8.
Qd2 Nc6 9. g4 e5 10. Nxc6 bxc6 11. O-O-O h5 12. gxh5 Nxh5 13. Qxd6 Qxd6 14.
Rxd6 Bb7 15. Rd7 Bc8 16. Rc7 Nf4 17. Bxf4 exf4 18. Rxc6 Be6 19. Bc4 Bxc4
20. Rxc4 Rac8 21. Rxc8 Rxc8 22. Kd2 Rd8+ 23. Ke2 Rc8 24. Kd3 Bxc3 25. bxc3
Rd8+ 26. Ke2 Rc8 27. Kd2 Rd8+ 28. Kc1 Rc8 29. Kb2 Rb8+ 30. Ka3 Rc8 31. Kb3
Rb8+ 32. Kc4 Rb2 33. Rc1 Rxa2 34. Kd4 Ra4+ 35. Ke5 g5 36. c4 Rxc4 37. Kf5
Rc3 38. Rf1 Rxc2 39. Kxg5 Rxh2 40. Kxf4 Rh6 41. Ra1 Rf6+ 42. Ke3 Rc6 43.
Rxa7 Rc3+ 44. Kf4 Rc4 45. Kf5 Kg7 46. f4 Rc5+ 47. e5 Kf8 48. Kf6 Rc6+ 49.
Kg5 Rg6+ 50. Kf5 Ke8 51. Ra8+ Ke7 52. Ra7+ Kf8 53. Ra8+ Kg7 54. Ke4 Re6 55.
Kf5 Rg6 56. Ra7 Kf8 57. Ke4 Rg4 58. Kf3 Rg6 59. f5 Rb6 60. Kf4 Rb5 61. f6
Ke8 62. Ra8+ Kd7 63. Ra7+ Ke6 64. Re7+ Kd5 65. Rxf7 Kd4 66. Rd7+ Kc3 67.
Kf5 Rb1 68. f7 Rf1+ 69. Ke6 Kc4 70. Rd8 Kc5 71. f8=Q+ Rxf8 72. Rxf8 Kd4 73.
Kf5 Kd5 74. Rd8+ Kc6 75. e6 Kc7 76. e7 Kc6 77. e8=Q+ Kc5 78. Rc8+ Kb4 79.
Qe4+ Kb5 80. Qb7+ Ka4 81. Ra8# { Black checkmated } 1-0

[Event "ICC tourney 2552 (3 2)"]
[Site "Internet Chess Club"]
[Date "2021.05.07"]
[Round "4"]
[White "SEBASTIAN VETTICAL, AIDEN:K03-16490590"]
[Black "SHAHINYAN, INNA:K05-17114472"]
[Result "1-0"]
[ICCResult "Black checkmated"]
[WhiteElo "1400"]
[BlackElo "1400"]
[Opening "Queen's pawn, Mason variation"]
[ECO "D00"]
[NIC "QP.08"]
[Time "19:18:15"]
[PlyCount "117"]
[TimeControl "180+2"]

1. d4 d5 2. Bf4 Nc6 3. e3 Nf6 4. Be2 Bf5 5. Nf3 e6 6. O-O Bd6 7. Nc3 Bxf4
8. exf4 O-O 9. Ne5 Nxe5 10. fxe5 Ne4 11. Nxe4 Bxe4 12. Bd3 f5 13. f3 Bxd3
14. cxd3 Rc8 15. Qa4 a6 16. Qb4 b5 17. Qa5 Ra8 18. Rac1 Rf7 19. Rc2 Ra7 20.
Rfc1 h6 21. f4 Kh7 22. Rc6 Re7 23. Rxa6 Rxa6 24. Qxa6 b4 25. Rc6 Qd7 26.
Qb7 g6 27. Qxb4 Rg7 28. Qc5 Qe8 29. Rxc7 Rxc7 30. Qxc7+ Kh8 31. Qd6 Qf7 32.
Qd8+ Qg8 33. Qf6+ Qg7 34. Qd8+ Qg8 35. Qe7 Qg7 36. Qe8+ Qg8 37. Qd7 Qg7 38.
Qe8+ Qg8 39. Qe7 Qg7 40. Qd8+ Qg8 41. Qe7 Qg7 42. Qe8+ Qg8 43. Qd7 Qg7 44.
Qd8+ Qg8 45. Qf6+ Qg7 46. Qxe6 Qg8 47. Qf6+ Qg7 48. Qe6 Qg8 49. Qc6 Qf7 50.
a4 Kg8 51. a5 Kf8 52. a6 Ke7 53. Qc7+ Kf8 54. Qxf7+ Kxf7 55. a7 g5 56. a8=Q
gxf4 57. Qb7+ Ke8 58. e6 Kd8 59. Qd7# { Black checkmated } 1-0

[Event "ICC tourney 2552 (3 2)"]
[Site "Internet Chess Club"]
[Date "2021.05.07"]
[Round "4"]
[White "XIA, CHENXIANG:K05-16930170"]
[Black "JAIN, VIAAN:K01-30173117"]
[Result "1-0"]
[ICCResult "Black checkmated"]
[WhiteElo "1400"]
[BlackElo "1400"]
[Opening "Giuoco Pianissimo: Italian four knights variation"]
[ECO "C50"]
[NIC "IG.02"]
[Time "19:23:11"]
[PlyCount "33"]
[TimeControl "180+2"]

1. e4 e5 2. Nf3 Bc5 3. Bc4 Nc6 4. Nc3 Nf6 5. d3 d6 6. h3 O-O 7. Bg5 h6 8.
Bh4 g5 9. Bg3 Nh5 10. Nh2 Nf6 11. Nf3 g4 12. hxg4 Bxg4 13. Qd2 Bb4 14. Qxh6
Bh5 15. Bh4 Bc5 16. Bxf6 Qe8 17. Qg7# { Black checkmated } 1-0

[Event "ICC tourney 2552 (3 2)"]
[Site "Internet Chess Club"]
[Date "2021.05.07"]
[Round "4"]
[White "POLICELLI, CYRUS:K05-16341942"]
[Black "SWAIN, HRIDARSH:K03-30023727"]
[Result "1/2-1/2"]
[ICCResult "White stalemated"]
[WhiteElo "1261"]
[BlackElo "1400"]
[Opening "Sicilian: Labourdonnais-Löwenthal variation"]
[ECO "B32"]
[NIC "SI.32"]
[Time "19:16:17"]
[PlyCount "150"]
[TimeControl "180+2"]

1. e4 c5 2. Nf3 Nc6 3. d4 cxd4 4. Nxd4 e5 5. Nxc6 bxc6 6. Bc4 Nf6 7. Bg5
Be7 8. Bxf6 Bxf6 9. Nc3 O-O 10. O-O Bb7 11. Qg4 Qb6 12. Rab1 Rad8 13. Rfd1
Qc7 14. Rd3 Rfe8 15. Rbd1 Bc8 16. Qf3 h6 17. Qh5 Bg5 18. Bxf7+ Kf8 19. Bxe8
Rxe8 20. Rf3+ Bf6 21. Qg6 Re6 22. Qg4 Re7 23. Rdd3 d5 24. Qg6 d4 25. Ne2
Be6 26. b3 Bf7 27. Qg3 Rd7 28. h3 c5 29. c4 Qd8 30. Kh2 Re7 31. Nc1 Re6 32.
a3 Bh4 33. Qg4 Rg6 34. Qxg6 Qe7 35. Rxf7+ Qxf7 36. Qxf7+ Kxf7 37. Rf3+ Bf6
38. b4 g6 39. bxc5 Kg7 40. c6 Bd8 41. Nb3 Bc7 42. Nc5 a5 43. Na6 Bd8 44. c7
Bxc7 45. Nxc7 g5 46. Ne6+ Kg6 47. Nc5 h5 48. Rd3 g4 49. Nb7 gxh3 50. Nxa5
Kg5 51. gxh3 h4 52. Nc6 Kf4 53. a4 Kxe4 54. a5 Kxd3 55. a6 Kxc4 56. a7 d3
57. a8=Q d2 58. Qa4+ Kd3 59. Qb3+ Ke2 60. Qc4+ Kxf2 61. Qc2 Ke1 62. Qe4+
Kf2 63. Nxe5 d1=Q 64. Nd3+ Kf1 65. Qf4+ Ke2 66. Qe4+ Kf1 67. Qe1+ Qxe1 68.
Nxe1 Kxe1 69. Kg2 Ke2 70. Kh2 Kf3 71. Kh1 Kg3 72. Kg1 Kxh3 73. Kh1 Kg3 74.
Kg1 h3 75. Kh1 h2 { White stalemated } 1/2-1/2

[Event "ICC tourney 2552 (3 2)"]
[Site "Internet Chess Club"]
[Date "2021.05.07"]
[Round "4"]
[White "DORON REPA, HILLEL:K03-16771628"]
[Black "VENKATASAI TIRUMALA, ADVAY:K06-15821575"]
[Result "1/2-1/2"]
[ICCResult "Game drawn by repetition"]
[WhiteElo "1400"]
[BlackElo "1400"]
[Opening "QGD: classical variation (5.Bf4)"]
[ECO "D37"]
[NIC "QO.16"]
[Time "19:16:37"]
[PlyCount "147"]
[TimeControl "180+2"]

1. d4 d5 2. c4 e6 3. Nc3 Nf6 4. Nf3 Be7 5. Bf4 a6 6. e3 O-O 7. cxd5 exd5 8.
Bd3 Be6 9. O-O Nbd7 10. Bc2 c5 11. Qd3 c4 12. Qd2 Bg4 13. Ne5 Nxe5 14. Bxe5
Qd7 15. Bxf6 Bxf6 16. e4 dxe4 17. Bxe4 Qxd4 18. Qc2 Rab8 19. Bxh7+ Kh8 20.
Be4 g6 21. h3 Be6 22. Qe2 Kg7 23. Qe3 Qxe3 24. fxe3 Bxc3 25. bxc3 f5 26.
Bf3 Rfd8 27. Be2 Rd2 28. Rf2 Rbd8 29. Re1 Rxa2 30. Bf3 Rxf2 31. Kxf2 Rd7
32. Rb1 b5 33. Ra1 Rd6 34. Bb7 Kf6 35. Bxa6 Rb6 36. Ra5 Bd7 37. Ke2 Ke5 38.
Kd2 Ke4 39. h4 f4 40. exf4 Kxf4 41. Ke2 Kg3 42. Kf1 Kxh4 43. Kf2 Kg4 44. g3
g5 45. Kg2 Bc6+ 46. Kf2 Kf5 47. Bc8+ Kf6 48. Ra1 Rb8 49. Bh3 Kg6 50. Rd1
Rf8+ 51. Kg1 Kh5 52. Kh2 g4 53. Bf1 Bf3 54. Re1 Kg6 55. Be2 Rh8+ 56. Kg1
Rh1+ 57. Kf2 Rxe1 58. Kxe1 Bxe2 59. Kxe2 Kf5 60. Kf2 Ke4 61. Ke2 Kf5 62.
Kf2 Ke4 63. Ke2 Ke5 64. Ke3 Kf5 65. Kd2 Ke4 66. Ke2 Kd5 67. Ke3 Ke5 68. Kd2
Kd6 69. Ke3 Ke5 70. Kd2 Kd6 71. Ke3 Ke5 72. Kd2 Kd6 73. Ke3 Ke5 74. Kd2 {
Game drawn by repetition } 1/2-1/2

[Event "ICC tourney 2552 (3 2)"]
[Site "Internet Chess Club"]
[Date "2021.05.07"]
[Round "4"]
[White "DUNIKOV, GLIB:K05-16572317"]
[Black "CUI, CHRIS:K01-30048697"]
[Result "1-0"]
[ICCResult "Black checkmated"]
[WhiteElo "1400"]
[BlackElo "1400"]
[Opening "KGA: Keres (Mason-Steinitz) gambit"]
[ECO "C33"]
[NIC "KG.03"]
[Time "19:15:57"]
[PlyCount "163"]
[TimeControl "180+2"]

1. e4 e5 2. f4 exf4 3. Nc3 Nf6 4. Nf3 Nc6 5. d4 Be7 6. Bxf4 d6 7. Bc4 Bd7
8. O-O O-O 9. Qd2 Na5 10. Bd3 Nc6 11. Rad1 a6 12. Rfe1 Re8 13. d5 Na7 14.
Bc4 h6 15. Bd3 Qc8 16. e5 dxe5 17. Nxe5 Qd8 18. Re3 Bd6 19. Nxd7 Bxf4 20.
Rxe8+ Nxe8 21. Qxf4 Qxd7 22. Re1 Nf6 23. Qf3 Rd8 24. Bc4 Kf8 25. Qf2 Nc8
26. Qc5+ Kg8 27. Rd1 b6 28. Qd4 a5 29. Bb5 Qd6 30. Bc4 Ne7 31. Nb5 Qd7 32.
Nc3 Kf8 33. Bb5 Qd6 34. Bc4 Qd7 35. a3 Qd6 36. Ne4 Nxe4 37. Qxe4 Qc5+ 38.
Kh1 Qd6 39. Qd4 Rd7 40. Bb5 Rd8 41. Bc4 Qd7 42. h3 Nf5 43. Qf2 Qc8 44. Bb3
Re8 45. Bc4 Qd7 46. Ba2 Qc8 47. Rd2 Re7 48. Rd1 Kg8 49. c4 Kh7 50. Bb1 g6
51. Bxf5 gxf5 52. Rf1 Re5 53. b3 Kg6 54. Qg3+ Kf6 55. Qh4+ Kg7 56. Qg3+ Kh7
57. Qxe5 Qd7 58. Qxf5+ Qxf5 59. Rxf5 Kg6 60. Re5 Kf6 61. Re2 Kf5 62. Kg1
Kf4 63. Kf2 Kf5 64. Kf3 Kg5 65. g4 Kh4 66. Re7 Kxh3 67. Rxf7 Kh4 68. Rh7
Kg5 69. Rxc7 Kg6 70. Rc6+ Kf7 71. Rxh6 Kg7 72. Rxb6 Kf7 73. Ra6 Ke7 74.
Rxa5 Kd7 75. Ra6 Kc7 76. Re6 Kd7 77. g5 Kc7 78. g6 Kb7 79. g7 Kc7 80. g8=Q
Kb7 81. Qf7+ Kc8 82. Re8# { Black checkmated } 1-0

[Event "ICC tourney 2552 (3 2)"]
[Site "Internet Chess Club"]
[Date "2021.05.07"]
[Round "4"]
[White "JANI, AAKASH:K01-17179264"]
[Black "RODIC, ELLIOT:K05-16510635"]
[Result "0-1"]
[ICCResult "White checkmated"]
[WhiteElo "1400"]
[BlackElo "1400"]
[Opening "Giuoco Pianissimo: Canal variation"]
[ECO "C50"]
[NIC "IG.02"]
[Time "19:16:37"]
[PlyCount "122"]
[TimeControl "180+2"]

1. e4 e5 2. Nf3 Nc6 3. Bc4 Bc5 4. Nc3 Nf6 5. d3 d6 6. Bg5 Bg4 7. Nd5 h6 8.
Bxf6 gxf6 9. h3 Be6 10. Qd2 Rg8 11. g3 a6 12. Nc3 Qe7 13. Bd5 Bxd5 14. Nxd5
Qd8 15. O-O-O a5 16. Nh4 Nb4 17. Nxb4 Bxb4 18. Qe2 a4 19. a3 Bc5 20. Nf5 b5
21. Nxh6 Rh8 22. Qh5 Rh7 23. g4 Bxf2 24. g5 Be3+ 25. Kb1 Bxg5 26. Rhg1 Rxh6
27. Qf3 Kd7 28. Qf5+ Ke7 29. Rxg5 fxg5 30. Qxg5+ Rf6 31. Rf1 Qh8 32. Rxf6
Qxf6 33. Qd2 Rb8 34. Ka2 b4 35. axb4 Qe6+ 36. c4 Qf6 37. Ka3 c5 38. b5 Ra8
39. Ka2 Kd7 40. Qc2 Qh4 41. b6 Qd8 42. Qd2 Qxb6 43. Qc2 Qb4 44. h4 a3 45.
b3 Rb8 46. h5 Rh8 47. Qe2 Kc6 48. Qd1 Qc3 49. Qe2 Kd7 50. Qf2 Kc6 51. Qe2
f6 52. Qf2 Rxh5 53. Qe2 Rh3 54. Qf2 Rxd3 55. Qe2 Qxb3+ 56. Ka1 Rd1+ 57.
Qxd1 Qxd1+ 58. Ka2 Qd3 59. Ka1 Qd2 60. Kb1 Kb6 61. Ka1 Qb2# { White
checkmated } 0-1